 Dungeon Crawl Stone Soup version 0.14-a0-2052-gb76ddfe (webtiles) character file.

185 Jenx the Ruinous (level 4, -2/33 HPs)
             Began as a Draconian Conjurer on Jan 20, 2014.
             Slain by Grinder (5 damage)
             ... while paralysed by Grinder
             ... on Level 2 of the Dungeon.
             The game lasted 00:06:24 (2121 turns).

Jenx the Ruinous (Draconian Conjurer)               Turns: 2121, Time: 00:06:25

HP  -2/33        AC  5     Str 10      XL: 4   Next:  1%
MP   2/7         EV  2     Int 17      God:
Gold 117         SH  0     Dex 11      Spells:  3 memorised,  1 level left

rFire  . . .     SeeInvis .     d - +1,+0 elf dagger
rCold  . . .     Clarity  .     (armour unavailable)
rNeg   . . .     Conserve .     (no shield)
rPois  .         rCorr    .     (helmet restricted)
rElec  .         rRot     .     (no cloak)
SustAb . .       Spirit   .     (no gloves)
rMut   .         Warding  .     (no boots)
Saprov . . .     Stasis   .     (no amulet)
MR     .....                    (no ring)
                                (no ring)

@: paralysed, not resistant to hostile enchantments, unstealthy
A: unfitting armour, AC +5
a: no special abilities


You were on level 2 of the Dungeon.
You were not hungry.

You visited 1 branch of the dungeon, and saw 3 of its levels.

You collected 117 gold pieces.

Inventory:

Hand weapons
 d - a +1,+0 elven dagger (weapon)
Missiles
 m - 4 darts of frost (quivered)
Comestibles
 b - 2 bread rations
 f - a chunk of bat flesh
 g - a pear
 j - a lemon
 n - a chunk of hobgoblin flesh
Scrolls
 a - a scroll of identify
 h - a scroll of fog {unknown}
 l - a scroll of teleportation {unknown}
Jewellery
 e - a cursed ring of hunger {unknown}
Potions
 i - a potion of might
 k - a potion of cure mutation {unknown}
 p - a potion of flight {unknown}
Books
 c - a book of Conjurations

   Spells                             Type                      Level
   *Magic Dart                        Conjuration                  1
   *Searing Ray                       Conjuration                  2
   *Dazzling Spray                    Conjuration/Hexes            3
   Iskenderun's Mystic Blast          Conjuration                  4
   Iskenderun's Battlesphere          Conjuration/Charms           4
   Fulminant Prism                    Conjuration/Hexes            5


   Skills:
 - Level 1.7 Dodging
 - Level 1.7 Stealth
 - Level 2.0 Spellcasting
 * Level 5.6 Conjurations


You had one spell level left.
You knew the following spells:

 Your Spells              Type           Power        Failure   Level  Hunger
a - Magic Dart            Conj           ###.         1%          1    #......
b - Searing Ray           Conj           ###...       2%          2    ###....
c - Dazzling Spray        Conj/Hex       ##......     21%         3    ####...


Dungeon Overview and Level Annotations

Branches:
Dungeon (3/16)

Altars:

Annotations:
D:2 Grinder


Message History

Grinder is heavily wounded.
Grinder hits you but does no damage.
You closely miss Grinder.
Grinder is heavily wounded.
Grinder barely misses you.
You closely miss Grinder.
Your tail-slap misses Grinder.
Grinder is heavily wounded.
Grinder closely misses you.
You hit Grinder but do no damage.
Your tail-slap misses Grinder.
Grinder is heavily wounded.
Grinder says, "FISH!"
Grinder gestures at you.
You suddenly lose the ability to move!
Grinder hits you.
You writhe in agony.
Grinder hits you.
You writhe in agony.
* * * LOW HITPOINT WARNING * * *
Grinder hits you.
* * * LOW HITPOINT WARNING * * *
You writhe in agony.
You die...

..# #..#.# #.##...#
#.######## ..####..#.#
#.####.# #.#
........#.###.## #.# #.#
.#####.##.##...# #.# #.#
.......##....#.# #.# #.#
.###########...###(#####.#
%# #.........>.....# .#
#.##.##>#.####### .#
####.##.##@#.# #### .#
#.......##5#.# #... ##
#.#.#.####.#.# #.##
##.#.## ##.#.# ##.#
#.###.# #..#.# #..#
##.#.## #....# #.##
#.#.#.# ###### #.# ##.#.##
#.## #.# #.###.# ##.## #.#


You could see Grinder.

Vanquished Creatures
  A gnoll (D:1)
  2 worms (D:2)
  3 giant geckos (D:1)
  A giant cockroach (D:1)
  7 hobgoblins
  2 jackals (D:2)
  9 kobolds
  A quokka (D:2)
  5 bats
  2 giant newts
  6 goblins
  6 rats
45 creatures vanquished.

Notes
Turn   | Place    | Note
--------------------------------------------------------------
     0 | D:1      | Jenx, the Draconian Conjurer, began the quest for the Orb.
     0 | D:1      | Reached XP level 1. HP: 14/14 MP: 3/3
   290 | D:1      | Reached XP level 2. HP: 15/20 MP: 1/4
   312 | D:1      | Learned a level 2 spell: Searing Ray
   783 | D:1      | Reached skill level 5 in Conjurations
   830 | D:1      | Reached XP level 3. HP: 26/26 MP: 4/6
   846 | D:1      | Learned a level 3 spell: Dazzling Spray
  2029 | D:2      | Reached XP level 4. HP: 30/33 MP: 7/7
  2095 | D:3      | Noticed Grinder
  2118 | D:2      | Paralysed by Grinder for 7 turns
  2121 | D:2      | Slain by Grinder

Action                   |  1- 3 |  4- 6 || total
-------------------------+-------+-------++-------
Melee: Dagger            |    81 |     8 ||    89
 Cast: Magic Dart        |    69 |     2 ||    71
       Dazzling Spray    |     2 |       ||     2
       Searing Ray       |     1 |     1 ||     2
  Use: Scroll            |     2 |       ||     2
       Potion            |     2 |       ||     2
 Stab: Sleeping          |     1 |       ||     1
